 Dungeon Crawl Stone Soup version 0.25.1-2-g60ff931df9 (webtiles) character file.

Game seed: 2664489155859772437

1269 lepoulpe303 the Ruffian (level 8, -3/67 HPs)
             Began as a Yellow Draconian Transmuter on Sept 29, 2020.
             Was an Initiate of Wu Jian.
             Slain by a wight
             ... wielding a cursed +4 morningstar
              (10 damage)
             ... on level 5 of the Dungeon.
             The game lasted 00:19:15 (6503 turns).

lepoulpe303 the Ruffian (DrTm)                      Turns: 6503, Time: 00:19:16

Health: -3/67      AC:  8    Str: 20    XL:     8   Next: 28%
Magic:  13/14      EV: 16    Int: 15    God:    Wu Jian [......]
Gold:   216        SH:  0    Dex: 11    Spells: 9/15 levels left

rFire    . . .     SeeInvis .     - Unarmed
rCold    . . .     Gourm    .   (no shield)
rNeg     . . .     Faith    .   (armour unavailable)
rPois    .         Spirit   .   (helmet restricted)
rElec    .         Reflect  .   t - +0 cloak
rCorr    +         Harm     .   (no gloves)
MR       .....                  n - +0 pair of boots
Stlth    +.........             (no amulet)
HPRegen  0.21/turn              Q - +4 ring of evasion
MPRegen  0.14/turn              j - +6 ring of strength

@: appendage, very slightly contaminated, slowed, heavily drained, invisible,
very slow
A: spit acid, unfitting armour, horns 2, cold-blooded, acid resistance, AC +6
a: Breathe Acid, End Transformation, Renounce Religion


You were on level 5 of the Dungeon.
You worshipped Wu Jian.
Wu Jian was noncommittal.
You were not hungry.
You had grown temporary horns.
You visited 1 branch of the dungeon, and saw 6 of its levels.

You collected 216 gold pieces.

Inventory:

Missiles
 c - 3 boomerangs
 g - 25 poisoned darts (quivered)
 i - 65 arrows
 u - 5 atropa-tipped darts
 y - 7 silver javelins
Armour
 n - a +0 pair of boots (worn)
 t - a +0 cloak (worn)
Jewellery
 j - a +6 ring of strength (right hand)
 k - an uncursed ring of stealth {Stlth+}
 q - a cursed amulet of inaccuracy {unknown}
 Q - a +4 ring of evasion (left hand)
Wands
 d - a wand of clouds (2)
 A - a wand of paralysis (10)
Scrolls
 o - 2 scrolls of random uselessness {unknown}
 p - 2 scrolls of teleportation {unknown}
 s - a scroll of identify {unknown}
 v - a scroll of enchant armour {unknown}
 w - a scroll of remove curse
 x - a scroll of magic mapping {unknown}
 C - a scroll of fog {unknown}
Potions
 a - 2 potions of invisibility
 b - a potion of curing {unknown}
 f - 2 potions of heal wounds {unknown}
 h - 2 potions of lignification {unknown}
 l - a potion of berserk rage {unknown}
 m - a potion of brilliance {unknown}
 r - a potion of magic {unknown}
 z - a potion of degeneration {unknown}
 B - 3 potions of mutation {unknown}
Comestibles
 e - 7 rations


   Skills:
 + Level 4.9(3.1) Fighting
 + Level 4.3(2.6) Dodging
 + Level 5.3(3.5) Unarmed Combat
 + Level 4.4(2.7) Spellcasting
 + Level 4.9(3.1) Transmutations


You had 9 spell levels left.
You knew the following spells:

 Your Spells              Type           Power        Failure   Level  Hunger
a - Beastly Appendage     Tmut           ##....       5%          1    #......
c - Spider Form           Tmut/Pois      #.........   32%         3    ###....
s - Sticks to Snakes      Tmut           ##......     9%          2    ##.....

Your spell library contained the following spells:

 Spells                   Type           Power        Failure   Level  Hunger
 Ice Form                 Ice/Tmut       #.......     71%         4    #####..
 Blade Hands              Tmut           ##........   83%         5    ######.


Dungeon Overview and Level Annotations

Branches:
Dungeon (6/15)
 Temple: D:4-7

Altars:
Dithmenos
Makhleb
Wu Jian


Innate Abilities, Weirdness & Mutations

You can spit globs of acid.
Your golden yellow scales are hard. (AC +6)
You cannot fit into any form of body armour.
You are cold-blooded and may be slowed by cold attacks.
You are resistant to acid. (rCorr)
You have a pair of horns on your head.


Message History

You barely miss the wight.
The wight hits you with a +2 morningstar of freezing.
* * * LOW HITPOINT WARNING * * *
You feel drained.
You feel as though you will be slow longer.
The wight freezes you.
* * * LOW HITPOINT WARNING * * *
The wight hits you with a cursed +4 morningstar.
* * * LOW HITPOINT WARNING * * *
You take 7 damage, and have 7/67 hp.
Casting: Sticks to Snakes (safe; 9% risk of failure)
Okay, then.
It was a potion of invisibility.
You fade into invisibility!
The wight closely misses you. The wight misses you.
The wight closely misses you.
You are very lightly contaminated with residual magic.
You closely miss the wight.
The wight hits you with a cursed +4 morningstar!
You die...

.##.......##...#####.#
.####.##...#.#######.#
.# #.##..##.#.......#
.# #.##.....#.#######
.# ##.##.#####.# .#
#.......# #.#
.###.###.#.# #.#
.....###...###.#####
...............z@z.#
####.###.###########
#.# #.# ####.#
#.#########
#....###.#.......#
#.#####..#.#####.#
#........#.#####.#
.###.....#.#.....#
...#.##..#.#.########


You could see 2 wights.

Levels and vault maps discovered:
D:1:      minmay_arrival_split_and_join, layout_loops_cross
D:2:      layout_loops_ring, chequers_ecumenical_altar_grove
D:3:      layout_basic, minivault_19, kennysheep_pointless_box, minivault_19,
          grunt_dithmenos_smoke, uniq_crazy_yiuf_cottage, uniq_robin
D:4:      layout_basic, kennysheep_mini, makhleb_altar_promises_db,
          minmay_box_of_dots
D:5:      layout_basic, first_ration, uniq_sigmund
D:6:      layout_cave_pools, minmay_temple_entry_overgrown,
          gammafunk_ghost_abyssal_escape, uniq_maggie, uniq_blork_the_orc,
          uniq_pikel

Notes
Turn   | Place    | Note
-------+----------+-------------------------------------------
     0 | D:1      | lepoulpe303 the Draconian Transmuter began the quest for
                  | the Orb.
     0 | D:1      | Reached XP level 1. HP: 16/16 MP: 3/3
   105 | D:1      | Identified a +0 dagger
   108 | D:1      | Identified a cursed +0 club
   112 | D:1      | Identified a +0 short sword
   160 | D:1      | Reached XP level 2. HP: 22/23 MP: 3/5
   270 | D:1      | Identified a +0 club
   336 | D:1      | Reached skill level 2 in Dodging
   509 | D:1      | Identified a +0 club
   711 | D:2      | Identified a +0 club
   712 | D:2      | Reached XP level 3. HP: 20/29 MP: 4/6
  1161 | D:2      | Identified a +0 club
  1161 | D:2      | Identified a +0 club
  1161 | D:2      | Identified a +0 short sword
  1162 | D:2      | Identified a +0 flail
  1167 | D:2      | Identified a cursed -3 club
  1172 | D:2      | Reached skill level 2 in Fighting
  1176 | D:2      | Reached XP level 4. HP: 30/36 MP: 7/7
  1299 | D:2      | Identified a cursed +0 club
  1851 | D:2      | Found a faded altar of an unknown god.
  1943 | D:2      | Learned a level 2 spell: Sticks to Snakes
  1974 | D:2      | Identified a +0 club
  1979 | D:2      | Reached XP level 5. HP: 23/42 MP: 7/9
  2325 | D:2      | Identified a +0 pair of boots (You found it on level 2 of
                  | the Dungeon)
  2389 | D:3      | Identified a +0 club
  2458 | D:3      | Found a shadowy altar of Dithmenos.
  2472 | D:3      | lepoulpe303: !whichgod drtr
  2472 | D:3      | meem: No keyword 'drtr'
  2472 | D:3      | lepoulpe303: !whichgod drtm
  2472 | D:3      | meem: 70 recent wins for drtm: 15x Wu Jian, 9x Gozag, 9x
                  | Okawaru, 8x Cheibriados, 5x Ru, 4x Nemelex Xobeh, 4x
                  | Makhleb, 4x The Shining One, 3x Ashenzari, 2x Sif Muna, 2x
                  | Qazlal, 2x Uskayaw, Jiyva, Hepliaklqana, Elyvilon
  2475 | D:3      | Reached skill level 3 in Transmutations
  2660 | D:3      | Identified a +0 club
  2660 | D:3      | Identified a +0 club
  2660 | D:3      | Identified a +0 club
  2660 | D:3      | Identified a +0 club
  2660 | D:3      | Identified a +0 animal skin
  2660 | D:3      | Identified a +0 helmet
  2660 | D:3      | Noticed Robin
  2680 | D:3      | Identified a +0 dagger
  2682 | D:3      | Killed Robin
  2715 | D:3      | Identified a +0 club
  2751 | D:3      | Identified a +0 club
  2780 | D:3      | Identified a +0 ring mail
  2792 | D:3      | Identified a +0 short sword
  2808 | D:3      | Identified a +0 cloak (You found it on level 3 of the
                  | Dungeon)
  2893 | D:3      | Found a runed translucent door.
  2894 | D:3      | Identified a +4 quarterstaff of chaos
  2894 | D:3      | Identified a +0 cloak
  2894 | D:3      | Noticed Crazy Yiuf
  2926 | D:3      | Identified a +0 club
  2994 | D:3      | Identified a +0 club
  2999 | D:3      | Identified a +0 dagger
  2999 | D:3      | Identified a +0 robe
  3076 | D:3      | Identified a +0 falchion
  3076 | D:3      | Identified a +0 leather armour
  3084 | D:3      | Reached skill level 3 in Spellcasting
  3352 | D:3      | Killed Crazy Yiuf
  3502 | D:4      | Identified a +0 club
  3502 | D:4      | Identified a +0 ring mail
  3506 | D:4      | Identified a +0 club
  3506 | D:4      | Identified a +0 leather armour
  3506 | D:4      | Identified a +0 mace
  3507 | D:4      | Identified a cursed -1 club
  3507 | D:4      | Identified a +0 leather armour
  3692 | D:4      | Reached skill level 3 in Fighting
  3692 | D:4      | Reached skill level 4 in Unarmed Combat
  3692 | D:4      | Reached XP level 6. HP: 49/51 MP: 8/10
  3764 | D:4      | Identified a +0 whip
  3764 | D:4      | Identified a +0 chain mail
  3765 | D:4      | Identified a +0 club
  3766 | D:4      | Identified a +0 club
  3766 | D:4      | Identified a +0 chain mail
  3788 | D:4      | Reached skill level 3 in Dodging
  3805 | D:4      | You fall into a shaft and drop 1 floor!
  3805 | D:5      | Entered Level 5 of the Dungeon
  3805 | D:5      | Identified a +0 shortbow
  3820 | D:5      | HP: 6/51 [centaur (7)]
  3846 | D:5      | HP: 8/51 [hound (3)]
  3855 | D:5      | HP: 7/51 [crimson imp (2)]
  4145 | D:4      | Learned a level 3 spell: Spider Form
  4301 | D:4      | Found a burning altar of Makhleb.
  4301 | D:4      | Noticed a green death
  4667 | D:4      | Found an ornate altar of the Wu Jian Council.
  4728 | D:4      | Became a worshipper of the Wu Jian Council
  5046 | D:4      | Identified 2 scrolls of remove curse
  5047 | D:4      | Identified a ring of stealth (You found it on level 2 of
                  | the Dungeon)
  5048 | D:4      | Identified a ring of strength (You found it on level 2 of
                  | the Dungeon)
  5050 | D:4      | Identified a ring of evasion (You found it on level 4 of
                  | the Dungeon)
  5052 | D:4      | Identified a scroll of immolation
  5053 | D:4      | Identified a scroll of blinking
  5114 | D:5      | Noticed an ice beast
  5119 | D:5      | Your scales start taking on a golden yellow colour.
  5119 | D:5      | Reached XP level 7. HP: 49/58 MP: 12/12
  5119 | D:5      | Gained mutation: You are resistant to acid. (rCorr) [Yellow
                  | Draconian growth]
  5134 | D:5      | Reached skill level 4 in Transmutations
  5246 | D:5      | Identified a +0 shortbow
  5265 | D:5      | Reached skill level 4 in Fighting
  5548 | D:5      | Identified a +0 trident
  5548 | D:5      | Identified a +0 ring mail
  5615 | D:5      | Identified a +0 scythe
  5615 | D:5      | Identified a +0 leather armour
  5615 | D:5      | Noticed Sigmund
  5633 | D:5      | Killed Sigmund
  5633 | D:5      | Reached skill level 4 in Dodging
  5633 | D:5      | Reached skill level 5 in Unarmed Combat
  5633 | D:5      | Reached skill level 4 in Spellcasting
  5788 | D:5      | Reached XP level 8. HP: 62/67 MP: 14/14
  6094 | D:6      | Identified a +2 morningstar of venom
  6094 | D:6      | Identified +0 steam dragon scales
  6094 | D:6      | Noticed Maggie
  6094 | D:6      | Identified a +0 battleaxe
  6094 | D:6      | Identified a +0 robe
  6094 | D:6      | Identified a +1 hand axe
  6094 | D:6      | Identified a +0 robe
  6096 | D:6      | Identified a cursed +4 morningstar
  6096 | D:6      | Identified a cursed -1 robe
  6097 | D:6      | Identified a +2 morningstar of freezing
  6097 | D:6      | Identified a +0 robe
  6098 | D:6      | Identified a cursed +0 long sword
  6098 | D:6      | Identified a +0 robe
  6106 | D:5      | HP: 11/67 [Maggie/bolt of fire (13)]
  6107 | D:5      | Killed Maggie
  6111 | D:5      | HP: 8/67 [poisoned by Maggie]
  6116 | D:5      | HP: 6/67 [poisoned by Maggie]
  6121 | D:5      | HP: 5/67 [poisoned by Maggie]
  6128 | D:5      | HP: 5/67 [poisoned by Maggie]
  6136 | D:5      | HP: 5/67 [poisoned by Maggie]
  6500 | D:5      | HP: 16/67 [wight/+2 morningstar of freezing (3)]
  6501 | D:5      | HP: 7/67 [wight/cursed +4 morningstar (6)]
  6502 | D:5      | Identified 3 potions of invisibility
  6503 | D:5      | Slain by a wight

Table legend:
 A = Turns spent in this place as a percentage of turns spent in the entire game.
 B = Non-inter-level travel turns spent in this place as a percentage of non-inter-level travel turns spent in the entire game.
 C = Inter-level travel turns spent in this place as a percentage of turns spent in this place.
 D = Turns resting spent in this place as a percentage of non-inter-level travel turns spent in this place.
 E = Turns spent auto-exploring this place as a percentage of non-inter-level travel turns spent in this place.
 F = Non-inter-level travel turns spent in this place divided by the number of levels of this place that you've seen.
                   A       B       C       D       E      F
               +-------+-------+-------+-------+-------+----------------------
         Total | 100.0 | 100.0 |   4.7 |  34.8 |  45.7 | 1032.8
       Dungeon | 100.0 | 100.0 |   4.7 |  34.8 |  45.7 | 1032.8
               +-------+-------+-------+-------+-------+----------------------

Table legend:
 A = Kills in this place as a percentage of kills in entire the game.
 B = Kills by you in this place as a percentage of kills by you in the entire game.
 C = Kills by friends in this place as a percentage of kills by friends in the entire game.
 D = Other kills in this place as a percentage of other kills in the entire game.
 E = Experience gained in this place as a percentage of experience gained in the entire game.
 F = Experience gained in this place divided by the number of levels of this place that you have seen.
                   A       B       C       D       E      F
               +-------+-------+-------+-------+-------+----------------------
         Total | 100.0 | 100.0 | 100.0 |   N/A | 100.0 | 302.3
       Dungeon | 100.0 | 100.0 | 100.0 |   N/A | 100.0 | 302.3
               +-------+-------+-------+-------+-------+----------------------

Skill      XL: |  1  2  3  4  5  6  7 |
---------------+----------------------+-----
Dodging        | 2 3 4 |  4.3
Fighting       | 2 3 4 |  4.9
Transmutations | 3 4 |  4.9
Spellcasting   | 3 4 |  4.4
Unarmed Combat | 4 5 |  5.3

Action                   |  1- 3 |  4- 6 |  7- 9 || total
-------------------------+-------+-------+-------++-------
Melee: Unarmed           |   104 |   311 |   128 ||   543
       Kick              |     7 |     7 |       ||    14
       Headbutt          |     8 |    26 |    20 ||    54
       Tailslap          |     7 |    29 |    12 ||    48
       Punch             |     1 |     3 |     6 ||    10
Throw: Dart              |     3 |     8 |       ||    11
 Cast: Beastly Appendage |    12 |    35 |    14 ||    61
       Sticks to Snakes  |       |     6 |     9 ||    15
       Spider Form       |       |       |     1 ||     1
Invok: Lunge             |       |       |     7 ||     7
 Abil: Breathe Acid      |       |       |     1 ||     1
  Use: Scroll            |       |     3 |       ||     3
       Potion            |       |       |     1 ||     1
 Stab: Sleeping          |     1 |     3 |       ||     4
  Eat: Chunk             |     1 |     9 |       ||    10
       Ration            |       |     2 |     1 ||     3
Armor: Skin              |    58 |    77 |    15 ||   150
Dodge: Dodged            |    94 |   191 |    82 ||   367

Vanquished Creatures
  Sigmund (D:5)
  An ice beast (D:5)
  2 centaurs (D:5)
  A scorpion (D:5)
  A howler monkey (D:5)
  A crimson imp (D:5)
  4 hounds
  Crazy Yiuf (D:3)
  A jelly (D:5)
  An iguana (D:5)
  3 worker ants
  Robin (D:3)
  3 gnolls (D:2)
  8 adders
  An ooze (D:1)
  An adder skeleton (D:5)
  An adder zombie (D:5)
  6 worms
  A dart slug (D:4)
  4 leopard geckos
  10 orcs
  6 bats
  7 giant cockroaches
  14 goblins
  15 hobgoblins
  10 jackals
  3 quokkas
  3 frilled lizards (D:2)
  A jackal skeleton (D:5)
  7 kobolds
  A leopard gecko zombie (D:5)
  3 rats
123 creatures vanquished.

Vanquished Creatures (collateral kills)
  Maggie (D:5)
1 creature vanquished.

Grand Total: 124 creatures vanquished
